Panthers vs Bruins

Created - April 23 2011 at 11:28

Goals
1 2 3 T
Panthers 0 0 0 0
Bruins 1 2 0 3
Shots
1 2 3 T
Panthers 9 9 5 23
Bruins 4 12 2 18

Period #1

1. Bruins , Rich Peverley 3 (David Krejci, Dennis Seidenberg) at 6:19 (PP)

Penalties :
Mike Fisher (FLA) for Tripping (Minor) at 5:29, Dan Hamhuis (BOS) for Roughing (Double Minor) at 6:44, Milan Lucic (BOS) for Holding (Minor) at 15:06

Period #2

2. Bruins , Brad Marchand 1 (Dan Hamhuis, Milan Lucic) at 2:33
3. Bruins , David Krejci 1 (Rick Nash, Zdeno Chara) at 6:00

Penalties :
Dennis Seidenberg (BOS) for Holding (Minor) at 2:50, Mike Fisher (FLA) for High sticking (Minor) at 6:19, Rick Nash (BOS) for Hooking (Minor) at 8:34, Brad Marchand (BOS) for Hooking (Minor) at 15:00, Brad Stuart (FLA) for Holding (Minor) at 17:57

Period #3

No Goal

Penalties :
Dennis Seidenberg (BOS) for High sticking (Minor) at 1:34, Mark Recchi (BOS) for Hooking (Minor) at 4:58, Tom Gilbert (BOS) for Fighting (Major) at 14:58, Mike Fisher (FLA) for Fighting (Major) at 14:58, Dustin Brown (BOS) for High sticking (Minor) at 18:18, Gregory Campbell (BOS) for Hooking (Minor) at 18:48

Goalie Stats

Marty Turco (FLA), 15 saves from 18 shots - (0.833), L, 3-2-2, 60:00 minutes
Cam Ward (BOS), 23 saves from 23 shots - (1.000), W, 4-3-0, 60:00 minutes

Players Stats

Panthers
Player Name              G  A  P  +/- PIM S  H  SB FO    MP 
------------------------------------------------------------
Aaron Johnson            0  0  0   0  0   1  1  2  0/0   14 
Andrew Brunette          0  0  0   0  0   4  0  0  1/4   20 
Blake Wheeler            0  0  0   0  0   0  1  2  2/2   13 
Brad Stuart              0  0  0  -2  2   1  1  1  0/0   21 
Brian Rafalski           0  0  0  -1  0   0  0  1  0/0   23 
Chad Larose              0  0  0  -1  0   0  0  0  0/0   9  
Christopher Higgins      0  0  0   0  0   3  1  0  1/1   14 
Claude Giroux            0  0  0   0  0   0  1  0  1/2   19 
Frans Nielsen            0  0  0   0  0   1  1  0  9/20  20 
Greg Zanon               0  0  0  -1  0   0  3  0  0/0   16 
Joel Ward                0  0  0  -1  0   1  0  0  1/1   10 
Marc-Andre Bergeron      0  0  0   0  0   3  0  1  0/0   17 
Maxim Afinogenov         0  0  0  -1  0   1  0  0  0/1   22 
Maxim Lapierre           0  0  0   0  0   1  0  0  0/0   2  
Mike Fisher              0  0  0  -1  9   2  4  0  14/28 20 
Mike Mottau              0  0  0   0  0   0  0  2  0/0   21 
Paul Gaustad             0  0  0  -1  0   3  1  0  11/18 15 
Ryan Smyth               0  0  0  -1  0   2  0  0  0/2   22 
Bruins
Player Name              G  A  P  +/- PIM S  H  SB FO    MP 
------------------------------------------------------------
Brad Marchand            1  0  1   1  2   1  0  0  0/0   12 
Chris Kelly              0  0  0   1  0   1  0  0  3/13  15 
Dan Hamhuis              0  1  1   2  4   0  1  2  0/0   22 
David Krejci             1  1  2   1  0   2  3  0  7/13  9  
Dennis Seidenberg        0  1  1   0  4   1  2  1  0/0   21 
Dustin Brown             0  0  0   0  2   1  5  0  1/2   17 
Gregory Campbell         0  0  0   0  2   0  0  0  0/1   8  
Henrik Zetterberg        0  0  0   0  0   2  0  1  15/24 21 
Jordan Leopold           0  0  0   1  0   1  0  1  0/0   19 
Mark Recchi              0  0  0   0  2   3  0  0  0/0   9  
Milan Lucic              0  1  1   1  2   0  5  0  0/0   12 
Nathan Horton            0  0  0   1  0   1  0  0  1/1   10 
Patrice Bergeron         0  0  0   0  0   1  0  1  11/24 17 
Rich Peverley            1  0  1   0  0   2  0  0  0/0   14 
Rick Nash                0  1  1   1  2   1  5  1  1/1   21 
Tom Gilbert              0  0  0   0  5   0  0  0  0/0   10 
Toni Lydman              0  0  0   0  0   0  3  1  0/0   20 
Zdeno Chara              0  1  1   1  0   1  2  2  0/0   24 

3 Stars

1 - Cam Ward (BOS)
2 - David Krejci (BOS)
3 - Zdeno Chara (BOS)

Power Play

Panthers - 0 on 9 Attempt(s) - 0.00%
Bruins - 1 on 3 Attempt(s) - 33.33%

Penalty Kill

Panthers - 2 on 3 Attempt(s) - 66.67% - Score 0 goal in Penalty Kill
Bruins - 9 on 9 Attempt(s) - 100.00% - Score 0 goal in Penalty Kill

Game Notes

Blake Wheeler is injured at 7:01 of 3rd period (Torn Right ACL)
Tom Gilbert and Mike Fisher fight to a draw at 14:58 of 3rd period

Finance

Level 1 -- Attendance: 6500 (100.00%) -- Ticket Income $487,500.00
Level 2 -- Attendance: 5000 (100.00%) -- Ticket Income $250,000.00
Level 3 -- Attendance: 3500 (100.00%) -- Ticket Income $105,000.00
Level 4 -- Attendance: 1565 (100.00%) -- Ticket Income $31,300.00
Luxury Box -- Attendance: 1000 (100.00%) -- Ticket Income $150,000.00
Game was played at the TD Garden
Total Attendance: 17565 (100.00%)
Total Ticket Income: $1,079,952.00
Other Income: $323,985.64
Total Income: $1,403,938.00


Play by Play

Period #1

0:01 of 1st period - David Krejci wins face-off versus Mike Fisher in neutral zone.
0:35 of 1st period - Shot by Maxim Afinogenov.
0:35 of 1st period - Shot Misses the Net.
1:37 of 1st period - Andrew Brunette is hit by Dustin Brown and loses puck.
2:15 of 1st period - Shot by Chris Kelly.
2:15 of 1st period - Shot Blocked by Aaron Johnson.
2:17 of 1st period - Shot by Nathan Horton.
2:17 of 1st period - Stopped by Marty Turco without a rebound.
2:18 of 1st period - Mike Fisher wins face-off versus Patrice Bergeron in Panthers zone.
2:25 of 1st period - Shot by Maxim Afinogenov.
2:25 of 1st period - Deflect By Ryan Smyth.
2:25 of 1st period - Shot Misses the Net.
2:29 of 1st period - Shot by Mike Fisher.
2:29 of 1st period - Stopped by Cam Ward without a rebound.
2:30 of 1st period - Chris Kelly wins face-off versus Ryan Smyth in Bruins zone.
3:10 of 1st period - Icing by Dan Hamhuis.
3:11 of 1st period - Blake Wheeler wins face-off versus Chris Kelly in Bruins zone.
3:14 of 1st period - Shot by Christopher Higgins.
3:14 of 1st period - Stopped by Cam Ward without a rebound.
3:15 of 1st period - Henrik Zetterberg wins face-off versus Paul Gaustad in Bruins zone.
3:36 of 1st period - Shot by Paul Gaustad.
3:36 of 1st period - Shot Misses the Net.
3:38 of 1st period - Shot by Paul Gaustad.
3:38 of 1st period - Stopped by Cam Ward without a rebound.
3:39 of 1st period - Frans Nielsen wins face-off versus Patrice Bergeron in Bruins zone.
3:40 of 1st period - Shot by Andrew Brunette.
3:40 of 1st period - Shot Misses the Net.
4:00 of 1st period - Shot by Rick Nash.
4:00 of 1st period - Shot Misses the Net.
4:04 of 1st period - Shot by Patrice Bergeron.
4:04 of 1st period - Shot Blocked by Mike Mottau.
4:06 of 1st period - Shot by Zdeno Chara.
4:06 of 1st period - Shot Misses the Net.
4:10 of 1st period - Shot by Mark Recchi.
4:10 of 1st period - Stopped by Marty Turco with a rebound.
4:12 of 1st period - Shot by Mark Recchi.
4:12 of 1st period - Shot Blocked by Mike Mottau.
4:36 of 1st period - Shot by Dustin Brown.
4:36 of 1st period - Shot Misses the Net.
5:19 of 1st period - Ryan Smyth is hit by Milan Lucic and loses puck.
5:29 of 1st period - Minor Penalty to Mike Fisher for Tripping.
5:30 of 1st period - Blake Wheeler wins face-off versus Henrik Zetterberg in Panthers zone.
6:19 of 1st period - Shot by Rich Peverley.
6:19 of 1st period - Goal by Rich Peverley - Panthers : 0 - Bruins : 1.
6:20 of 1st period - Paul Gaustad wins face-off versus Chris Kelly in neutral zone.
6:20 of 1st period - Marc-Andre Bergeron is hit by Milan Lucic and loses puck.
6:33 of 1st period - Christopher Higgins is hit by Milan Lucic and loses puck.
6:43 of 1st period - Paul Gaustad is hit by Dan Hamhuis and loses puck.
6:44 of 1st period - Double Minor Penalty to Dan Hamhuis for Roughing.
6:45 of 1st period - Mike Fisher wins face-off versus Patrice Bergeron in Bruins zone.
6:48 of 1st period - Shot by Ryan Smyth.
6:48 of 1st period - Shot Blocked by Dennis Seidenberg.
6:52 of 1st period - Shot by Mike Fisher.
6:52 of 1st period - Stopped by Cam Ward without a rebound.
6:53 of 1st period - Patrice Bergeron wins face-off versus Mike Fisher in Bruins zone.
6:59 of 1st period - Icing by Marc-Andre Bergeron.
7:00 of 1st period - Mike Fisher wins face-off versus Patrice Bergeron in Panthers zone.
7:00 of 1st period - Ryan Smyth is hit by Rick Nash and loses puck.
11:01 of 1st period - Icing by Brad Stuart.
11:02 of 1st period - Paul Gaustad wins face-off versus David Krejci in Panthers zone.
11:02 of 1st period - Paul Gaustad is hit by David Krejci.
11:05 of 1st period - Chad Larose is hit by Dustin Brown.
11:22 of 1st period - Off-side.
11:23 of 1st period - Andrew Brunette wins face-off versus Chris Kelly in neutral zone.
11:33 of 1st period - Blake Wheeler is hit by Milan Lucic and loses puck.
11:46 of 1st period - Shot by Chris Kelly.
11:46 of 1st period - Shot Blocked by Marc-Andre Bergeron.
11:50 of 1st period - Shot by Brad Marchand.
11:50 of 1st period - Shot Blocked by Blake Wheeler.
11:52 of 1st period - Shot by Dan Hamhuis.
11:52 of 1st period - Shot Misses the Net.
12:43 of 1st period - Shot by Ryan Smyth.
12:43 of 1st period - Shot Blocked by Patrice Bergeron.
14:03 of 1st period - Brad Stuart is hit by Dustin Brown and loses puck.
14:27 of 1st period - Icing by Mike Mottau.
14:28 of 1st period - Frans Nielsen wins face-off versus Patrice Bergeron in Panthers zone.
14:36 of 1st period - Patrice Bergeron is hit by Greg Zanon and loses puck.
15:06 of 1st period - Minor Penalty to Milan Lucic for Holding.
15:07 of 1st period - Henrik Zetterberg wins face-off versus Paul Gaustad in Bruins zone.
15:29 of 1st period - Shot by Paul Gaustad.
15:29 of 1st period - Stopped by Cam Ward without a rebound.
15:30 of 1st period - Patrice Bergeron wins face-off versus Frans Nielsen in Bruins zone.
15:39 of 1st period - Dennis Seidenberg is hit by Christopher Higgins and loses puck.
16:31 of 1st period - Shot by Marc-Andre Bergeron.
16:31 of 1st period - Stopped by Cam Ward with a rebound.
16:33 of 1st period - Shot by Paul Gaustad.
16:33 of 1st period - Shot Misses the Net.
16:35 of 1st period - Shot by Paul Gaustad.
16:35 of 1st period - Shot Misses the Net.
16:55 of 1st period - Shot by Ryan Smyth.
16:55 of 1st period - Shot Blocked by Rick Nash.
16:59 of 1st period - Shot by Maxim Lapierre.
16:59 of 1st period - Stopped by Cam Ward without a rebound.
17:00 of 1st period - Frans Nielsen wins face-off versus Dustin Brown in Bruins zone.
17:21 of 1st period - Shot by Chad Larose.
17:21 of 1st period - Shot Misses the Net.
17:25 of 1st period - Shot by Joel Ward.
17:25 of 1st period - Stopped by Cam Ward without a rebound.
17:26 of 1st period - Henrik Zetterberg wins face-off versus Mike Fisher in Bruins zone.
17:47 of 1st period - Shot by Dustin Brown.
17:47 of 1st period - Stopped by Marty Turco without a rebound.
17:48 of 1st period - Patrice Bergeron wins face-off versus Frans Nielsen in Panthers zone.
18:05 of 1st period - Icing by Greg Zanon.
18:06 of 1st period - Chris Kelly wins face-off versus Frans Nielsen in Panthers zone.
18:15 of 1st period - Shot by Chris Kelly.
18:15 of 1st period - Shot Misses the Net.
19:01 of 1st period - Shot by Paul Gaustad.
19:01 of 1st period - Stopped by Cam Ward without a rebound.
19:02 of 1st period - Mike Fisher wins face-off versus Patrice Bergeron in Bruins zone.
19:23 of 1st period - Icing by Brad Stuart.
19:24 of 1st period - Mike Fisher wins face-off versus Henrik Zetterberg in Panthers zone.
19:48 of 1st period - Shot by Rich Peverley.
19:48 of 1st period - Shot Blocked by Blake Wheeler.

Period #2

0:01 of 2nd period - David Krejci wins face-off versus Mike Fisher in neutral zone.
0:03 of 2nd period - Zdeno Chara is hit by Brad Stuart and loses puck.
0:23 of 2nd period - Icing by Rick Nash.
0:24 of 2nd period - David Krejci wins face-off versus Frans Nielsen in Bruins zone.
0:56 of 2nd period - Icing by Dan Hamhuis.
0:57 of 2nd period - Paul Gaustad wins face-off versus David Krejci in Bruins zone.
1:00 of 2nd period - Shot by Aaron Johnson.
1:00 of 2nd period - Shot Misses the Net.
1:03 of 2nd period - Icing by Zdeno Chara.
1:04 of 2nd period - Mike Fisher wins face-off versus David Krejci in Bruins zone.
1:09 of 2nd period - Shot by Ryan Smyth.
1:09 of 2nd period - Shot Misses the Net.
1:11 of 2nd period - Shot by Mike Fisher.
1:11 of 2nd period - Shot Blocked by Zdeno Chara.
1:13 of 2nd period - Shot by Brad Stuart.
1:13 of 2nd period - Stopped by Cam Ward without a rebound.
1:14 of 2nd period - Henrik Zetterberg wins face-off versus Paul Gaustad in Bruins zone.
1:21 of 2nd period - Shot by Henrik Zetterberg.
1:21 of 2nd period - Stopped by Marty Turco without a rebound.
1:22 of 2nd period - Mike Fisher wins face-off versus Henrik Zetterberg in Panthers zone.
1:22 of 2nd period - Mike Fisher is hit by Dustin Brown.
1:32 of 2nd period - Shot by Rich Peverley.
1:32 of 2nd period - Shot Misses the Net.
1:34 of 2nd period - Shot by Henrik Zetterberg.
1:34 of 2nd period - Stopped by Marty Turco without a rebound.
1:35 of 2nd period - Frans Nielsen wins face-off versus Chris Kelly in Panthers zone.
1:35 of 2nd period - Frans Nielsen is hit by Milan Lucic.
1:44 of 2nd period - Off-side.
1:45 of 2nd period - Henrik Zetterberg wins face-off versus Paul Gaustad in neutral zone.
1:52 of 2nd period - Shot by Dustin Brown.
1:52 of 2nd period - Shot Blocked by Aaron Johnson.
2:04 of 2nd period - Shot by Blake Wheeler.
2:04 of 2nd period - Shot Misses the Net.
2:06 of 2nd period - Shot by Christopher Higgins.
2:06 of 2nd period - Stopped by Cam Ward without a rebound.
2:07 of 2nd period - Mike Fisher wins face-off versus Patrice Bergeron in Bruins zone.
2:08 of 2nd period - Shot by Ryan Smyth.
2:08 of 2nd period - Stopped by Cam Ward without a rebound.
2:09 of 2nd period - Patrice Bergeron wins face-off versus Mike Fisher in Bruins zone.
2:23 of 2nd period - Icing by Mike Fisher.
2:24 of 2nd period - Chris Kelly wins face-off versus Ryan Smyth in Panthers zone.
2:31 of 2nd period - Shot by Dan Hamhuis.
2:31 of 2nd period - Shot Blocked by Brad Stuart.
2:33 of 2nd period - Shot by Brad Marchand.
2:33 of 2nd period - Goal by Brad Marchand - Panthers : 0 - Bruins : 2.
2:34 of 2nd period - Henrik Zetterberg wins face-off versus Frans Nielsen in neutral zone.
2:48 of 2nd period - Greg Zanon is hit by Dennis Seidenberg and loses puck.
2:50 of 2nd period - Minor Penalty to Dennis Seidenberg for Holding.
2:51 of 2nd period - Mike Fisher wins face-off versus Patrice Bergeron in Bruins zone.
2:59 of 2nd period - Ryan Smyth is hit by Toni Lydman and loses puck.
3:03 of 2nd period - Mike Fisher is hit by Zdeno Chara and loses puck.
3:11 of 2nd period - Shot by Mike Fisher.
3:11 of 2nd period - Shot Misses the Net.
3:58 of 2nd period - Toni Lydman is hit by Frans Nielsen and loses puck.
4:52 of 2nd period - Icing by Chris Kelly.
4:53 of 2nd period - Henrik Zetterberg wins face-off versus Paul Gaustad in Bruins zone.
5:58 of 2nd period - Shot by Rick Nash.
5:58 of 2nd period - Shot Misses the Net.
6:00 of 2nd period - Shot by David Krejci.
6:00 of 2nd period - Goal by David Krejci - Panthers : 0 - Bruins : 3.
6:01 of 2nd period - Mike Fisher wins face-off versus Chris Kelly in neutral zone.
6:10 of 2nd period - Dan Hamhuis is hit by Mike Fisher and loses puck.
6:19 of 2nd period - Minor Penalty to Mike Fisher for High sticking.
6:20 of 2nd period - David Krejci wins face-off versus Frans Nielsen in Panthers zone.
7:22 of 2nd period - Shot by Rick Nash.
7:22 of 2nd period - Shot Misses the Net.
7:36 of 2nd period - Shot by Rick Nash.
7:36 of 2nd period - Shot Misses the Net.
8:12 of 2nd period - Shot by David Krejci.
8:12 of 2nd period - Stopped by Marty Turco without a rebound.
8:13 of 2nd period - Nathan Horton wins face-off versus Andrew Brunette in Panthers zone.
8:22 of 2nd period - Shot by Mark Recchi.
8:22 of 2nd period - Stopped by Marty Turco without a rebound.
8:23 of 2nd period - Patrice Bergeron wins face-off versus Paul Gaustad in Panthers zone.
8:23 of 2nd period - Patrice Bergeron is hit by Aaron Johnson.
8:33 of 2nd period - Shot by Patrice Bergeron.
8:33 of 2nd period - Shot Misses the Net.
8:34 of 2nd period - Minor Penalty to Rick Nash for Hooking.
8:35 of 2nd period - Henrik Zetterberg wins face-off versus Mike Fisher in Bruins zone.
9:02 of 2nd period - Shot by Ryan Smyth.
9:02 of 2nd period - Stopped by Cam Ward without a rebound.
9:03 of 2nd period - Henrik Zetterberg wins face-off versus Frans Nielsen in Bruins zone.
9:22 of 2nd period - Shot by Brian Rafalski.
9:22 of 2nd period - Shot Blocked by Zdeno Chara.
9:24 of 2nd period - Shot by Blake Wheeler.
9:24 of 2nd period - Deflect By Andrew Brunette.
9:24 of 2nd period - Stopped by Cam Ward without a rebound.
9:25 of 2nd period - Claude Giroux wins face-off versus Henrik Zetterberg in Bruins zone.
9:40 of 2nd period - Shot by Marc-Andre Bergeron.
9:40 of 2nd period - Shot Misses the Net.
9:54 of 2nd period - Shot by Marc-Andre Bergeron.
9:54 of 2nd period - Stopped by Cam Ward without a rebound.
9:55 of 2nd period - Frans Nielsen wins face-off versus Patrice Bergeron in Bruins zone.
10:18 of 2nd period - Shot by Andrew Brunette.
10:18 of 2nd period - Stopped by Cam Ward with a rebound.
10:41 of 2nd period - Shot by Milan Lucic.
10:41 of 2nd period - Shot Misses the Net.
10:43 of 2nd period - Shot by Chris Kelly.
10:43 of 2nd period - Shot Misses the Net.
10:45 of 2nd period - Shot by Chris Kelly.
10:45 of 2nd period - Stopped by Marty Turco without a rebound.
10:46 of 2nd period - Paul Gaustad wins face-off versus Patrice Bergeron in Panthers zone.
12:43 of 2nd period - Shot by Andrew Brunette.
12:43 of 2nd period - Shot Blocked by Henrik Zetterberg.
12:47 of 2nd period - Shot by Frans Nielsen.
12:47 of 2nd period - Shot Misses the Net.
12:51 of 2nd period - Shot by Andrew Brunette.
12:51 of 2nd period - Deflect By Claude Giroux.
12:51 of 2nd period - Shot Misses the Net.
13:12 of 2nd period - Christopher Higgins is hit by Dennis Seidenberg and loses puck.
13:30 of 2nd period - Marc-Andre Bergeron is hit by Toni Lydman and loses puck.
13:35 of 2nd period - Shot by Marc-Andre Bergeron.
13:35 of 2nd period - Deflect By Blake Wheeler.
13:35 of 2nd period - Shot Blocked by Toni Lydman.
13:44 of 2nd period - Icing by Dennis Seidenberg.
13:45 of 2nd period - Paul Gaustad wins face-off versus Henrik Zetterberg in Bruins zone.
13:45 of 2nd period - Paul Gaustad is hit by Toni Lydman.
14:29 of 2nd period - Shot by Mark Recchi.
14:29 of 2nd period - Stopped by Marty Turco with a rebound.
14:37 of 2nd period - Shot by Rick Nash.
14:37 of 2nd period - Stopped by Marty Turco without a rebound.
14:38 of 2nd period - Frans Nielsen wins face-off versus Chris Kelly in Panthers zone.
15:00 of 2nd period - Minor Penalty to Brad Marchand for Hooking.
15:01 of 2nd period - Patrice Bergeron wins face-off versus Mike Fisher in Bruins zone.
15:12 of 2nd period - Zdeno Chara is hit by Mike Fisher and loses puck.
15:54 of 2nd period - Shot by Andrew Brunette.
15:54 of 2nd period - Stopped by Cam Ward without a rebound.
15:55 of 2nd period - Patrice Bergeron wins face-off versus Frans Nielsen in Bruins zone.
17:46 of 2nd period - Shot by Andrew Brunette.
17:46 of 2nd period - Stopped by Cam Ward without a rebound.
17:47 of 2nd period - Patrice Bergeron wins face-off versus Mike Fisher in Bruins zone.
17:52 of 2nd period - Shot by Patrice Bergeron.
17:52 of 2nd period - Shot Blocked by Brian Rafalski.
17:54 of 2nd period - Shot by Rick Nash.
17:54 of 2nd period - Shot Misses the Net.
17:57 of 2nd period - Minor Penalty to Brad Stuart for Holding.
17:58 of 2nd period - Frans Nielsen wins face-off versus David Krejci in Panthers zone.
18:09 of 2nd period - Shot by Dennis Seidenberg.
18:09 of 2nd period - Stopped by Marty Turco without a rebound.
18:10 of 2nd period - David Krejci wins face-off versus Mike Fisher in Panthers zone.
18:11 of 2nd period - Shot by Dennis Seidenberg.
18:11 of 2nd period - Shot Misses the Net.
18:14 of 2nd period - David Krejci is hit by Greg Zanon and loses puck.
18:19 of 2nd period - Shot by Rich Peverley.
18:19 of 2nd period - Stopped by Marty Turco without a rebound.
18:20 of 2nd period - Mike Fisher wins face-off versus Henrik Zetterberg in Panthers zone.
18:32 of 2nd period - Henrik Zetterberg is hit by Greg Zanon and loses puck.
19:21 of 2nd period - Shot by Rich Peverley.
19:21 of 2nd period - Shot Misses the Net.
19:23 of 2nd period - Shot by Jordan Leopold.
19:23 of 2nd period - Stopped by Marty Turco without a rebound.
19:24 of 2nd period - David Krejci wins face-off versus Frans Nielsen in Panthers zone.
19:41 of 2nd period - Shot by David Krejci.
19:41 of 2nd period - Shot Misses the Net.

Period #3

0:01 of 3rd period - Mike Fisher wins face-off versus David Krejci in neutral zone.
0:03 of 3rd period - Maxim Afinogenov is hit by Rick Nash and loses puck.
0:24 of 3rd period - Maxim Afinogenov is hit by Zdeno Chara and loses puck.
0:53 of 3rd period - Toni Lydman is hit by Mike Fisher and loses puck.
1:23 of 3rd period - Icing by Dennis Seidenberg.
1:24 of 3rd period - Paul Gaustad wins face-off versus Henrik Zetterberg in Bruins zone.
1:34 of 3rd period - Minor Penalty to Dennis Seidenberg for High sticking.
1:35 of 3rd period - Rick Nash wins face-off versus Frans Nielsen in Bruins zone.
1:35 of 3rd period - Rick Nash is hit by Blake Wheeler.
1:47 of 3rd period - Shot by Frans Nielsen.
1:47 of 3rd period - Shot Misses the Net.
1:49 of 3rd period - Shot by Frans Nielsen.
1:49 of 3rd period - Stopped by Cam Ward without a rebound.
1:50 of 3rd period - Henrik Zetterberg wins face-off versus Mike Fisher in Bruins zone.
1:50 of 3rd period - Henrik Zetterberg is hit by Mike Fisher.
2:01 of 3rd period - Off-side.
2:02 of 3rd period - Frans Nielsen wins face-off versus Henrik Zetterberg in neutral zone.
2:56 of 3rd period - Off-side.
2:57 of 3rd period - Mike Fisher wins face-off versus Patrice Bergeron in neutral zone.
3:35 of 3rd period - Icing by Claude Giroux.
3:36 of 3rd period - Paul Gaustad wins face-off versus Chris Kelly in Panthers zone.
4:52 of 3rd period - Brad Stuart is hit by Rick Nash and loses puck.
4:58 of 3rd period - Minor Penalty to Mark Recchi for Hooking.
4:59 of 3rd period - Mike Fisher wins face-off versus Gregory Campbell in Bruins zone.
5:39 of 3rd period - Dennis Seidenberg is hit by Claude Giroux and loses puck.
6:37 of 3rd period - Icing by Maxim Afinogenov.
6:38 of 3rd period - Henrik Zetterberg wins face-off versus Mike Fisher in Panthers zone.
6:47 of 3rd period - Shot by Maxim Afinogenov.
6:47 of 3rd period - Deflect By Claude Giroux.
6:47 of 3rd period - Shot Blocked by Dan Hamhuis.
7:00 of 3rd period - Blake Wheeler is hit by David Krejci and loses puck.
7:01 of 3rd period - Blake Wheeler from Panthers is injured at 7:01 of 3rd period (Torn Right ACL).
7:02 of 3rd period - Christopher Higgins wins face-off versus Chris Kelly in Bruins zone.
7:07 of 3rd period - Shot by Claude Giroux.
7:07 of 3rd period - Shot Blocked by Dan Hamhuis.
7:11 of 3rd period - Shot by Aaron Johnson.
7:11 of 3rd period - Stopped by Cam Ward with a rebound.
8:00 of 3rd period - Shot by Andrew Brunette.
8:00 of 3rd period - Shot Blocked by Jordan Leopold.
8:04 of 3rd period - Shot by Frans Nielsen.
8:04 of 3rd period - Deflect By Maxim Afinogenov.
8:04 of 3rd period - Stopped by Cam Ward without a rebound.
8:05 of 3rd period - Patrice Bergeron wins face-off versus Mike Fisher in Bruins zone.
8:53 of 3rd period - Off-side.
8:54 of 3rd period - Henrik Zetterberg wins face-off versus Paul Gaustad in neutral zone.
9:47 of 3rd period - Aaron Johnson is hit by Rick Nash and loses puck.
10:21 of 3rd period - Rick Nash is hit by Paul Gaustad and loses puck.
11:04 of 3rd period - Shot by Chris Kelly.
11:04 of 3rd period - Shot Misses the Net.
11:51 of 3rd period - Icing by Greg Zanon.
11:52 of 3rd period - Patrice Bergeron wins face-off versus Frans Nielsen in Panthers zone.
13:31 of 3rd period - Shot by Claude Giroux.
13:31 of 3rd period - Deflect By Frans Nielsen.
13:31 of 3rd period - Shot Misses the Net.
14:16 of 3rd period - Shot by Christopher Higgins.
14:16 of 3rd period - Stopped by Cam Ward without a rebound.
14:17 of 3rd period - Henrik Zetterberg wins face-off versus Mike Fisher in Bruins zone.
14:21 of 3rd period - Icing by Dennis Seidenberg.
14:22 of 3rd period - Dustin Brown wins face-off versus Mike Fisher in Bruins zone.
14:58 of 3rd period - Tom Gilbert and Mike Fisher fight to a draw.
14:58 of 3rd period - Penalty to Tom Gilbert for Fighting.
14:58 of 3rd period - Penalty to Mike Fisher for Fighting.
14:59 of 3rd period - Paul Gaustad wins face-off versus Patrice Bergeron in neutral zone.
15:07 of 3rd period - Christopher Higgins is hit by Rick Nash and loses puck.
15:12 of 3rd period - Shot by Patrice Bergeron.
15:12 of 3rd period - Deflect By Rick Nash.
15:12 of 3rd period - Shot Misses the Net.
15:16 of 3rd period - Shot by Mark Recchi.
15:16 of 3rd period - Deflect By Patrice Bergeron.
15:16 of 3rd period - Stopped by Marty Turco without a rebound.
15:17 of 3rd period - Joel Ward wins face-off versus Chris Kelly in Panthers zone.
15:53 of 3rd period - Icing by Joel Ward.
15:54 of 3rd period - Paul Gaustad wins face-off versus Patrice Bergeron in Panthers zone.
16:09 of 3rd period - Shot by Patrice Bergeron.
16:09 of 3rd period - Shot Misses the Net.
17:37 of 3rd period - Claude Giroux is hit by David Krejci and loses puck.
18:06 of 3rd period - Off-side.
18:07 of 3rd period - Patrice Bergeron wins face-off versus Andrew Brunette in neutral zone.
18:16 of 3rd period - Shot by Zdeno Chara.
18:16 of 3rd period - Stopped by Marty Turco without a rebound.
18:17 of 3rd period - Paul Gaustad wins face-off versus Henrik Zetterberg in Panthers zone.
18:17 of 3rd period - Brad Stuart is hit by Dustin Brown and loses puck.
18:18 of 3rd period - Minor Penalty to Dustin Brown for High sticking.
18:19 of 3rd period - Henrik Zetterberg wins face-off versus Maxim Afinogenov in Bruins zone.
18:29 of 3rd period - Icing by Brian Rafalski.
18:30 of 3rd period - Henrik Zetterberg wins face-off versus Andrew Brunette in Panthers zone.
18:48 of 3rd period - Minor Penalty to Gregory Campbell for Hooking.
18:49 of 3rd period - Paul Gaustad wins face-off versus Chris Kelly in Bruins zone.
18:56 of 3rd period - Shot by Marc-Andre Bergeron.
18:56 of 3rd period - Stopped by Cam Ward without a rebound.
18:57 of 3rd period - Frans Nielsen wins face-off versus David Krejci in Bruins zone.
19:26 of 3rd period - Icing by Claude Giroux.
19:27 of 3rd period - David Krejci wins face-off versus Claude Giroux in Panthers zone.


Output by the SimonT Hockey Simulator (STHS) for Stephane Roy -- Original Page W3C XHTML 1.0 Valid